Map: Heavy Artillery LE

Players

Zig - Winner!

  • Race: Terran Terran
  • League: Silver
  • Spawn Location: 1:00

Zalnex - Winner!

  • Race: Protoss Protoss
  • League: Diamond
  • Spawn Location: 3:00

MattBarry

  • Race: Protoss Protoss
  • Spawn Location: 7:00

MattBarry

  • Race: Zerg Zerg
  • Spawn Location: 7:00

VOD

Have the link to the VOD?

Description

Time

  • Played on: Jan. 3, 2023, 12:23 a.m.
  • Length: 14:23
Show
View Real Time Build Order
Export as new Build Order

Zig Terran - Winner!

Build Orders:  

Get SALT Encoding   

  12  0:01  SCV  
  13  0:13  SCV  
  14  0:32  SCV  
  15  0:37  Supply Depot, Refinery  
  15  0:59  SCV  
  16  1:05  Barracks  
  16  1:11  SCV  
  17  1:23  SCV  
  18  1:35  SCV  
  19  1:49  SCV  
  20  1:54  Factory  
  20  1:56  Barracks Tech Lab  
  20  2:01  SCV  
  21  2:09  Refinery  
  21  2:13  SCV  
  21  2:15  Marine  
  23  2:33  Command Center  
  23  2:41  Supply Depot  
  23  2:56  Barracks Tech Lab  
  23  3:03  SCV, Siege Tank  
  27  3:09  Supply Depot  
  27  3:15  SCV  
  28  3:27  SCV  
  28  3:33  Marine  
  30  3:35  Siege Tank  
  30  3:39  SCV  
  34  3:41  Supply Depot  
  34  3:51  Marine  
  35  4:00  SCV x2  
  37  4:04  Starport  
  37  4:07  Siege Tank  
  40  4:12  Marine, SCV x2  
  43  4:21  Refinery  
  43  4:24  SCV  
  43  4:30  Marine  
  45  4:37  SCV  
  46  4:43  Supply Depot  
  46  4:47  Marine  
  46  4:50  Siege Tank  
  46  4:52  Orbital Command  
  50  4:54  SCV  
  50  4:57  Starport Tech Lab  
  51  5:00  Starport  
  51  5:05  Marine  
  51  5:06  Barracks, SCV  
  53  5:11  Stimpack  
  53  5:18  SCV  
  54  5:23  Marine, Engineering Bay  
  54  5:24  Cloaking Field  
  55  5:30  SCV  
  55  5:35  SCV  
  57  5:41  Marine  
  57  5:42  SCV  
  59  5:44  Siege Tank  
  59  5:47  SCV  
  63  5:57  Orbital Command  
  63  5:59  Marine, SCV  
  65  6:04  Barracks Reactor  
  65  6:15  Barracks  
  65  6:16  Marine, Siege Tank  
  69  6:20  Supply Depot  
  69  6:24  SCV  
  70  6:28  Refinery  
  70  6:35  Starport Reactor  
  70  6:41  Banshee, Marine  
  70  6:42  Supply Depot, SCV  
  75  6:54  SCV  
  75  6:59  Marine  
  77  7:06  Marine x2, SCV  
  77  7:08  Command Center  
  80  7:09  Barracks Reactor  
  80  7:17  Marine  
  80  7:18  SCV  
  80  7:20  Terran Infantry Weapons Level 1, Engineering Bay  
  82  7:23  Marine  
  82  7:24  Banshee, Marine  
  82  7:27  Missile Turret  
  87  7:35  Marine  
  88  7:39  Siege Tank  
  88  7:44  Marine x2  
  92  7:49  Terran Infantry Armor Level 1  
  93  7:55  Missile Turret  
  93  8:01  Marine  
  93  8:05  Missile Turret x2  
  94  8:08  Missile Turret  
  94  8:19  Banshee, Siege Tank  
  100  8:22  Missile Turret  
  100  8:24  Missile Turret  
  100  8:27  Missile Turret  
  100  8:30  Missile Turret  
  100  8:32  Missile Turret, Marine x4  
  100  8:33  Missile Turret  
  104  8:35  Missile Turret  
  104  8:38  Missile Turret  
  104  8:39  Missile Turret  
  104  9:00  Medivac x2  
  108  9:10  Marine  
  109  9:31  Supply Depot  
  109  9:52  Marine x5  
  116  9:58  Medivac x2  
  120  10:01  Raven  
  120  11:03  Siege Tank  
  123  11:04  Marine  
  123  11:05  Marine x2  
  126  11:48  Marine  
  126  11:50  Marine x2  
  126  11:51  Marine  
  126  11:52  Marine  
  124  11:54  Siege Tank  
  121  12:01  Raven  
  121  12:05  Marine  
  121  12:07  Marine  
  122  12:08  Marine  
  122  12:09  Marine x2  
  122  12:10  Supply Depot x2  
  122  12:12  Fusion Core  
  122  12:13  Supply Depot  
  122  12:14  Supply Depot  
  125  12:16  Supply Depot  
  125  12:17  Supply Depot  
  125  12:21  Armory  
  125  12:23  Marine  
  126  12:31  Marine x4, Siege Tank  
  133  12:41  Marine  
  131  12:49  Marine x4  
  132  13:03  Widow Mine, Marine  
  135  13:06  Marine x4  
  139  13:21  Marine  
  139  13:22  Command Center  
  139  13:24  Marine x3  
  139  13:25  Widow Mine  
  145  13:28  Supply Depot  
  145  13:46  Widow Mine  
  138  13:50  Supply Depot  
  127  14:12  Supply Depot  
Show
View Real Time Build Order
Export as new Build Order

Zalnex Protoss - Winner!

Build Orders: 1 Gate Expand, Oracle Opening, Carriers 

Get SALT Encoding   

  12  0:01  Probe  
  13  0:18  Pylon, Probe  
  14  0:32  Probe  
  15  0:39  Assimilator  
  15  0:46  Gateway  
  15  0:50  Probe (Chrono Boost)  
  16  1:01  Probe (Chrono Boost)  
  17  1:06  Probe (Chrono Boost)  
  18  1:17  Probe  
  19  1:26  Nexus  
  19  1:38  Cybernetics Core  
  19  1:49  Probe  
  19  1:52  Assimilator  
  20  1:55  Pylon  
  20  2:06  Probe  
  21  2:18  Probe  
  22  2:23  Adept  
  24  2:30  Stargate, Probe  
  25  2:41  Warp Gate  
  25  2:42  Probe x2  
  27  2:49  Pylon  
  27  2:54  Probe x2  
  27  2:57  Adept  
  31  3:06  Probe  
  31  3:07  Probe  
  33  3:13  Oracle (Chrono Boost)  
  33  3:19  Probe x2 (Chrono Boost)  
  38  3:28  Probe x2 (Chrono Boost)  
  40  3:46  Probe x2  
  40  3:47  Oracle  
  43  3:52  Pylon  
  43  3:53  Assimilator  
  43  3:57  Assimilator  
  43  3:58  Probe x2  
  45  4:08  Stargate  
  45  4:10  Probe x2  
  47  4:22  Probe x2  
  49  4:34  Probe  
  49  4:35  Gateway  
  49  4:36  Probe  
  51  4:42  Phoenix  
  53  4:46  Probe  
  53  4:48  Probe  
  55  4:58  Probe  
  56  5:00  Probe  
  56  5:03  Phoenix  
  59  5:07  Phoenix  
  59  5:08  Nexus  
  59  5:10  Probe  
  59  5:11  Pylon  
  62  5:14  Pylon  
  62  5:16  Protoss Air Weapons Level 1 (Chrono Boost), Assimilator  
  59  5:48  Probe x2  
  61  5:53  Pylon  
  61  5:57  Phoenix  
  61  5:58  Phoenix  
  61  6:00  Probe x2  
  61  6:01  Gateway  
  67  6:04  Pylon  
  67  6:09  Pylon  
  67  6:12  Probe  
  67  6:13  Probe  
  67  6:16  Phoenix x2  
  69  6:21  Forge  
  69  6:22  Gateway  
  74  6:25  Probe x2  
  74  6:26  Probe  
  74  6:28  Gateway  
  74  6:29  Gateway  
  74  6:32  Shield Battery  
  76  6:37  Phoenix, Probe  
  76  6:38  Probe x2  
  79  6:42  Assimilator  
  79  6:45  Shield Battery  
  81  6:49  Probe  
  81  6:50  Probe  
  81  6:51  Probe  
  84  6:55  Twilight Council  
  84  6:59  Protoss Ground Weapons Level 1 (Chrono Boost)  
  84  7:02  Probe x2  
  84  7:03  Probe  
  84  7:06  Adept x2  
  84  7:07  Adept  
  92  7:14  Probe x2  
  92  7:15  Probe  
  93  7:26  Probe  
  92  7:32  Probe  
  91  7:37  Photon Cannon  
  91  7:39  Sentry  
  91  7:40  Zealot x4  
  91  7:42  Phoenix x2  
  105  7:46  Charge (Chrono Boost), Fleet Beacon  
  105  7:47  Gateway  
  105  7:51  Gateway  
  105  7:54  Pylon  
  105  7:57  Probe  
  106  7:59  Photon Cannon x2  
  106  8:02  Shield Battery  
  106  8:05  Zealot  
  106  8:11  Pylon  
  108  8:12  Pylon  
  108  8:28  Probe x2  
  93  9:13  Zealot  
  93  9:14  Zealot x6  
  103  9:17  Anion Pulse-Crystals (Chrono Boost)  
  103  9:22  Carrier x2  
  113  9:35  Zealot x5  
  113  9:36  Zealot x2  
  127  10:10  Pylon, Nexus  
  127  10:13  Assimilator  
  127  10:17  Assimilator, Probe  
  128  10:21  Pylon  
  128  10:28  Carrier x2  
  140  10:29  Protoss Ground Weapons Level 2 (Chrono Boost)  
  140  10:32  Blink  
  140  10:36  Probe  
  141  10:44  Protoss Air Weapons Level 2, Zealot  
  141  10:45  Zealot x3  
  141  10:49  Photon Cannon  
  149  10:51  Photon Cannon  
  149  10:52  Shield Battery  
  149  10:54  Photon Cannon  
  149  10:55  Shield Battery  
  149  10:56  Pylon  
  149  11:08  Zealot x2  
  135  11:21  Zealot x5  
  141  11:31  Dark Shrine  
  141  11:32  Gateway  
  141  11:34  Gateway  
  141  11:36  Gateway  
  141  11:43  Robotics Facility  
  141  11:46  Pylon  
  119  11:55  Zealot x2  
  119  11:56  Sentry, Zealot x2  
  119  11:57  Zealot x2  
  129  12:20  Probe x2  
  131  12:24  Pylon, Probe  
  131  12:27  Probe  
  133  12:30  Pylon, Warp Prism (Chrono Boost)  
  135  12:39  Carrier x2  
  147  12:46  Dark Templar x2  
  147  12:47  Dark Templar x4  
  159  13:00  Dark Templar x2  
  163  13:10  Dark Templar  
  165  13:13  Dark Templar  
  165  13:17  Probe  
  168  13:24  Photon Cannon  
  168  13:26  Photon Cannon  
  160  13:27  Shield Battery  
  160  13:29  Dark Templar x2  
  160  13:30  Dark Templar x4  
  160  13:31  Shield Battery  
  160  13:33  Archon, Pylon  
  166  13:34  Archon x2  
  176  13:53  Zealot x3  
  176  13:54  Zealot  
  136  14:06  Zealot x6  
  139  14:16  Dark Templar x2  
  139  14:17  Dark Templar x2  
  145  14:20  Archon  
  145  14:22  Archon  
Show
View Real Time Build Order
Export as new Build Order

MattBarry Protoss 

Build Orders: 1 Gate Expand, Double Forge 

Get SALT Encoding   

  12  0:00  Probe  
  13  0:12  Probe  
  14  0:18  Pylon  
  14  0:24  Probe  
  15  0:36  Probe  
  15  0:39  Gateway  
  16  0:49  Probe  
  17  0:52  Assimilator  
  17  1:01  Probe  
  18  1:13  Probe  
  19  1:25  Cybernetics Core  
  19  1:27  Probe  
  20  1:35  Nexus  
  20  1:41  Probe  
  20  1:46  Pylon  
  21  1:53  Probe  
  22  2:01  Warp Gate  
  22  2:03  Adept  
  24  2:09  Pylon, Probe  
  25  2:27  Gateway  
  25  2:29  Probe  
  26  2:33  Assimilator  
  26  2:37  Adept  
  28  2:41  Probe  
  29  2:49  Probe  
  30  2:57  Probe  
  31  3:05  Robotics Facility  
  31  3:07  Gateway  
  31  3:10  Adept (Chrono Boost)  
  33  3:14  Adept (Chrono Boost)  
  33  3:18  Probe x2  
  37  3:32  Probe x2  
  39  3:35  Pylon  
  39  3:38  Adept (Chrono Boost)  
  41  3:49  Probe x2  
  41  3:53  Observer  
  44  4:00  Pylon  
  44  4:02  Stalker  
  46  4:03  Stalker  
  49  4:10  Probe x2  
  49  4:12  Assimilator  
  49  4:16  Assimilator  
  50  4:21  Robotics Bay  
  50  4:33  Stalker x3  
  56  4:45  Probe x2  
  58  4:47  Warp Prism  
  60  4:54  Forge  
  60  4:56  Forge  
  60  4:57  Twilight Council  
  60  5:00  Pylon  
  60  5:07  Probe x2 (Chrono Boost)  
  62  5:17  Probe x2 (Chrono Boost)  
  64  5:24  Protoss Ground Weapons Level 1 (Chrono Boost)  
  64  5:26  Protoss Ground Armor Level 1 (Chrono Boost)  
  64  5:34  Blink  
  64  5:35  Probe x2  
  66  5:47  Probe x2  
  68  5:50  Zealot x3  
  68  5:55  Gateway  
  74  5:58  Gateway  
  74  6:03  Probe x2  
  76  6:06  Gateway  
  76  6:09  Pylon  
  76  6:11  Pylon  
  76  6:13  Pylon  
  76  6:15  Probe x2  
  78  6:42  Zealot  
  80  6:53  Probe x2  
  82  7:05  Probe x2  
  84  7:09  Zealot x2  
  84  7:10  Zealot x4  
  96  7:37  Nexus  
  96  7:41  Pylon  
  96  7:42  Pylon  
  96  7:45  Probe  
  96  7:46  Probe  
  96  7:47  Charge (Chrono Boost), Protoss Ground Weapons Level 2, Disruptor  
  96  7:48  Protoss Ground Armor Level 2  
  101  7:55  Pylon  
  101  7:58  Probe  
  102  7:59  Probe  
  103  8:08  Pylon  
  103  8:10  Gateway x2  
  103  8:13  Gateway  
  103  8:17  Photon Cannon  
  103  8:19  Photon Cannon  
  103  8:23  Disruptor  
  105  8:30  Probe x2  
  107  8:40  Stalker  
  107  8:41  Stalker x5  
  108  8:42  Probe x2  
  114  9:04  Assimilator  
  114  9:05  Assimilator  
  108  9:34  Probe x3  
  111  9:43  Templar Archives, Nexus  
  111  9:45  Pylon  
  111  9:46  Probe x3  
  111  9:47  Pylon  
  111  9:49  Pylon  
  114  9:59  Stalker x5  
  124  10:00  Stalker x3  
  124  10:01  Stalker  
  132  10:14  Photon Cannon  
  132  10:15  Photon Cannon  
  132  10:17  Photon Cannon  
  132  10:27  Disruptor  
  135  10:31  Protoss Ground Weapons Level 3 (Chrono Boost), Protoss Ground Armor Level 3 (Chrono Boost)  
  135  10:55  Probe x2  
  135  10:56  Probe x2  
  139  11:01  Assimilator  
  139  11:02  Disruptor  
  142  11:06  Assimilator  
  142  11:08  Probe x4  
  118  11:30  Psionic Storm  
  118  11:33  Stalker x6  
  118  11:34  Stalker x3  
  118  11:38  Disruptor  
  133  12:03  Photon Cannon  
  133  12:06  Photon Cannon  
  129  12:14  Observer  
  130  12:16  Stalker  
  130  12:17  Stalker x6  
  130  12:18  Stalker x2  
  142  12:55  Probe x4  
  146  12:59  Pylon  
  146  13:03  Stalker x7  
  146  13:04  Stalker x2  
  164  13:07  Probe x3  
  164  13:08  Probe  
  147  13:58  Nexus  
  147  14:00  Pylon  
  147  14:02  Pylon  
Show
View Real Time Build Order
Export as new Build Order

MattBarry Zerg 

Build Orders: Hatch First 

Get SALT Encoding   

  12  0:00  Drone  
  13  0:12  Overlord  
  13  0:19  Drone  
  14  0:31  Drone  
  14  0:32  Drone  
  16  0:44  Drone  
  17  1:06  Hatchery  
  17  1:07  Spawning Pool  
  15  1:30  Drone  
  15  1:31  Drone  
  17  1:33  Drone  
  17  1:39  Extractor  
  17  1:43  Drone  
  18  1:56  Queen  
  20  2:04  Drone x2  
  22  2:15  Extractor  
  21  2:20  Queen  
  23  2:24  Drone  
  24  2:31  Queen  
  26  2:46  Metabolic Boost  
  26  2:52  Drone x2, Overlord  
  28  3:05  Extractor  
  27  3:18  Lair  
  27  3:19  Drone  
  29  3:20  Drone x2  
  29  3:21  Drone x2  
  29  3:22  Drone  
  32  4:18  Drone  
  32  4:19  Drone x2  
  31  4:39  Spore Crawler  
  31  4:41  Spore Crawler  
  31  4:43  Drone  
  31  4:44  Drone x3, Overlord  
  31  4:45  Zergling x2, Overlord  
  33  4:46  Zergling x4  
  33  4:47  Overlord  
  33  4:48  Overlord  
  36  5:09  Spore Crawler  
  36  5:11  Spore Crawler  
  34  5:15  Spine Crawler  
  34  5:17  Drone  
  34  5:18  Drone x6  
  40  5:23  Drone  
  41  5:29  Roach Warren  
  40  5:56  Spore Crawler, Drone x5  
  45  5:57  Drone  
  45  6:17  Evolution Chamber x2  
  43  6:19  Glial Reconstitution  
  43  6:29  Overlord  
  43  6:30  Drone x7  
  50  6:38  Queen  
  52  7:03  Roach x4  
  60  7:22  Overseer  
  60  7:24  Pneumatized Carapace  
  60  7:26  Roach  
  60  7:27  Roach x7  
  60  7:28  Zerg Missile Weapons Level 1  
  60  7:29  Zerg Ground Armor Level 1  
  74  8:27  Drone  
  74  8:28  Overlord x3  
  75  8:44  Queen  
  73  8:49  Ravager  
  73  8:50  Ravager x11  
  85  9:19  Queen  
  87  9:38  Zerg Missile Weapons Level 2  
  87  9:39  Zerg Ground Armor Level 2  
  87  9:50  Hatchery  
  86  9:55  Queen  
  88  10:04  Drone x3, Overlord  
  88  10:05  Overlord x4  
  91  10:07  Overlord  
  91  10:11  Extractor  
  90  10:59  Roach  
  90  11:00  Roach x12  
  116  11:15  Spire  
  115  11:20  Hydralisk Den  
  115  11:22  Spore Crawler  
  113  11:26  Spore Crawler  
  113  11:27  Spore Crawler  
  113  11:31  Spore Crawler  
  82  11:53  Roach  
  82  11:54  Roach x21  
  88  11:55  Roach  
  114  12:14  Hydralisk x2  
  114  12:15  Hydralisk  
  120  12:16  Overlord x2  
  120  12:27  Extractor  
  120  12:28  Extractor  
  118  12:44  Hydralisk x3, Muscular Augments  
  118  12:45  Hydralisk  
  126  13:21  Hydralisk x7  
  126  13:22  Hydralisk  
  126  13:23  Overlord  
  126  13:24  Overlord  
  142  13:35  Infestation Pit  
  109  13:52  Hydralisk x4  
  71  14:06  Drone  
  71  14:07  Drone x4  
  71  14:08  Drone x3  
Tags
 
Add a new tag
Caveats
  • Supply blocks, unpowered buildings, or Contaminate may cause inaccurate times.
  • Supply counts are checked every 10 seconds.